 Dungeon Crawl Stone Soup version 0.29-a0-356-g7bc237e783 (webtiles) character file.

Game seed: 9731114736541244754

529 spaghetti the Conjurer (level 7, 0/51 HPs)
             Began as a Demonspawn Fire Elementalist on Apr 26, 2022.
             Was a Believer of Vehumet.
             Succumbed to an adder's poison
             ... on level 6 of the Dungeon.
             The game lasted 00:12:40 (7173 turns).

spaghetti the Conjurer (DsFE)                       Turns: 7173, Time: 00:12:40

Health: 0/51       AC:  8    Str:  6 (8)  XL:     7   Next: 3%
Magic:  2/12       EV: 13    Int: 16 (18) God:    Vehumet [**....]
Gold:   225        SH:  0    Dex: 17 (20) Spells: 1/13 levels left

rFire   + . .      SeeInvis .   h - +0 hand axe (drain) {axe}
rCold   + . .      Faith    .   (no shield)
rNeg    . . .      Spirit   +   a - +0 robe
rPois   .          Reflect  .   (no helmet)
rElec   .          Harm     .   N - scarf {rC+ rF+}
rCorr   .          Rampage  .   (no gloves)
Will    .....                   (no boots)
Stlth   ++........              g - amulet of guardian spirit
HPRegen 0.17/turn               C - +6 ring of dexterity
MPRegen 0.13/turn               (no ring)

@: lethally poisoned (0 -> -1), sanguine armoured, very slightly contaminated
A: powered by death 1, sanguine armour 1, weakness stinger 2
a: Renounce Religion


You were on level 6 of the Dungeon.
You worshipped Vehumet.
Vehumet was pleased with you.
You visited 1 branch of the dungeon, and saw 6 of its levels.

You collected 225 gold pieces.


Innate Abilities, Weirdness & Mutations

You regenerate a little health from kills.
When seriously injured, your blood forms armour. (AC +6)
You have a tail ending in a sharp stinger.


   Skills:
 + Level 2.5 Fighting
 + Level 2.4 Armour
 + Level 3.1 Dodging
 - Level 1.7 Stealth
 + Level 3.6 Spellcasting
 * Level 4.1 Conjurations
 - Level 2.6 Fire Magic


You had one spell level left.
You knew the following spells:

 Your Spells              Type           Power      Damage    Failure   Level
a - Foxfire               Conj/Fire      52%        2x1d6     4%          1
b - Sticky Flame          Conj/Fire      13%        2d4       41%         4
c - Flame Wave            Conj/Fire      13%        2d6       41%         4
d - Ignite Poison         Fire/Tmut/Pois 5%         N/A       36%         3

Your spell library contained the following spells:

 Spells                   Type           Power      Damage    Failure   Level
 Scorch                   Fire           22%        2d6       9%          2
 Static Discharge         Conj/Air       9%         N/A       12%         2
 Conjure Flame            Conj/Fire      13%        6-21      13%         3
 Blink                    Tloc           4%         N/A       26%         2
 Inner Flame              Hex/Fire       7%         N/A       30%         3
 Lesser Beckoning         Tloc           2%         N/A       47%         3
 Dispel Undead            Necr           2%         3d7       87%         4
 Manifold Assault         Tloc           2%         N/A       99%         5

Inventory:

Hand Weapons
 c - a +1 hunting sling {sling}
   (You found it on level 5 of the Dungeon)
 f - a +0 trident {polearm}
   (You found it on level 4 of the Dungeon)
 h - a +0 hand axe of draining (weapon) {axe}
   (You took it off an orc on level 5 of the Dungeon)
 i - a +0 trident {polearm}
   (You took it off an orc priest on level 5 of the Dungeon)
Missiles
 d - 172 stones {throwing}
 m - 2 javelins {throwing}
 A - 15 poisoned darts {throwing}
Armour
 a - a +0 robe (worn)
 k - a +0 cloak
   (You found it on level 1 of the Dungeon)
 N - a scarf of resistance (worn)
   (You found it on level 3 of the Dungeon)
Jewellery
 g - an amulet of guardian spirit (around neck)
   (You found it on level 1 of the Dungeon)
 C - a +6 ring of dexterity (left hand)
   (You found it on level 2 of the Dungeon)
 V - a +6 ring of strength
   (You took it off a kobold on level 3 of the Dungeon)
Scrolls
 b - a scroll of identify {@r1}
 n - 3 scrolls of immolation {!r!r}
 y - a scroll of brand weapon
 I - 3 scrolls of fog

Dungeon Overview and Level Annotations

Branches:
Dungeon (6/15)
 Temple: D:4-7

Altars:
Fedhas
Nemelex Xobeh
Ru
Trog
Uskayaw
Vehumet
Wu Jian
Xom
Zin

Shops:
D:2 ?

Annotations:
D:6 Edmund # #########.# ......S@@.# ###########

You could see Edmund (very drained) and an adder (very drained).


Message History

There is a stone staircase leading down here. 😮 HP[-5]
You take 5 damage, and now have 26/51 hp.
Unknown command.
Edmund hits you but does no damage. The adder completely misses you.
You climb downwards.
There is a stone staircase leading up here. 😮 HP[+1] Unknown command.
Okay, then.
You aren't carrying any potions.
Okay, then.
You aren't carrying any items that you can evoke.
You aren't carrying any potions.
Okay, then.
h - a +0 hand axe (weapon)
{axe} The adder misses you.
Edmund misses you.
You aren't carrying any potions.
As you read the scroll of brand weapon, it crumbles to dust.
Your +0 hand axe {axe} craves living souls!
h - a +0 hand axe of draining (weapon)
{axe} The adder barely misses you.
Edmund hits you with a +1 flail of holy wrath.
* * * LOW HITPOINT WARNING * * *
You convulse.
* * * LOW HITPOINT WARNING * * *
😨 HP[-8] MP[-1]
You take 8 damage, and now have 19/51 hp.
You lost 1 mp, and now have 1/12 mp.
Unknown command.
Unknown command.
Unknown command.
You hit Edmund but do no damage. You drain Edmund. You barely miss the adder.
The adder barely misses you. Edmund misses you.
The adder closely misses you. 😨 MP[+1]
You hit Edmund. You drain Edmund. You tail-slap Edmund, but do no damage.
You barely miss the adder. The adder barely misses you.
Edmund hits you with a +1 flail of holy wrath.
* * * LOW HITPOINT WARNING * * *
You convulse.
* * * LOW HITPOINT WARNING * * *
The adder misses you. 😱 HP[-11]
You take 11 damage, and now have 8/51 hp.
MASSIVE DAMAGE!! (PAUSE)
You hit Edmund but do no damage. You drain Edmund. You closely miss the adder.
Edmund hits you but does no damage. The adder bites you but does no damage.
Edmund barely misses you.
You hit Edmund but do no damage. You drain Edmund.
Your tail-slap misses Edmund.
You hit the adder. You drain the adder. The adder misses you.
The adder closely misses you.
Edmund hits you with a +1 flail of holy wrath.
* * * LOW HITPOINT WARNING * * *
You convulse.
* * * LOW HITPOINT WARNING * * *
😱 HP[-5] MP[-1]
You take 5 damage, and now have 3/51 hp.
You lost 1 mp, and now have 1/12 mp.
Unknown command.
You hit Edmund but do no damage. You drain Edmund. You miss the adder.
The adder barely misses you. Edmund closely misses you.
The adder closely misses you.
You hit Edmund. You drain Edmund. You hit the adder but do no damage.
Edmund barely misses you. The adder bites you but does no damage.
Edmund completely misses you. The adder barely misses you.
You hit Edmund but do no damage. You tail-slap Edmund, but do no damage.
You miss the adder. The adder completely misses you.
Edmund closely misses you. 😱 MP[+1]
You hit Edmund but do no damage. You drain Edmund.
Your tail-slap misses Edmund.
You closely miss the adder. The adder bites you but does no damage.
Edmund closely misses you. The adder misses you. 😱 HP[+1]
You hit Edmund. You drain Edmund.
Your tail-slap misses Edmund.
You closely miss the adder. The adder bites you but does no damage.
Edmund hits you but does no damage. The adder bites you.
* * * LOW HITPOINT WARNING * * *
You are lethally poisoned!
The adder poisons you! Edmund barely misses you. 😱 HP[-1]
You take 1 damage, and now have 3/51 hp.
Unknown command.
Unknown command.
You aren't carrying any potions.
Unknown command.
Unknown command.
Unknown command.
You hit Edmund but do no damage. You drain Edmund.
Your tail-slap misses Edmund.
You hit the adder.
* * * LOW HITPOINT WARNING * * *
You feel sick. The adder bites you but does no damage.
Edmund closely misses you. 😱 HP[-2]
You take 2 damage, and now have 1/51 hp.
Unknown command.
Unknown command.
Unknown command.
You completely miss Edmund. You tail-slap Edmund, but do no damage.
You completely miss the adder.
You die...

Skill      XL: |  1  2  3  4  5  6 |
---------------+-------------------+-----
Dodging        | 2 3 |  3.1
Conjurations   | 2 3 4 |  4.1
Fighting       | 1 2 |  2.5
Armour         | 1 2 |  2.4
Spellcasting   | 3 |  3.6
Stealth        | |  1.7
Fire Magic     | |  2.6

Action                   |  1- 3 |  4- 6 |  7- 9 || total
-------------------------+-------+-------+-------++-------
Melee: Unarmed           |    29 |    41 |     6 ||    76
       Tailslap          |     2 |     7 |     4 ||    13
       Punch             |     1 |       |       ||     1
       Hand axe          |       |       |    11 ||    11
 Cast: Foxfire           |    87 |   188 |    21 ||   296
       Sticky Flame      |       |     3 |       ||     3
  Use: Potion            |     1 |     4 |     4 ||     9
       Scroll            |       |     4 |     6 ||    10
Armor: Robe              |    22 |    17 |    16 ||    55
Dodge: Dodged            |    48 |    57 |    43 ||   148

Levels and vault maps discovered:
D:1:      minmay_arrival_solitary_statue, layout_basic, basic_ecumenical_altar,
          hangedman_glass_teeth, hex_intersection
D:2:      layout_loops_corners, serial_shops, nicolae_shop_waterfront,
          uniq_robin, uniq_terence
D:3:      layout_loops_ring, nemelex_diamond_rough_becter, minitemple
D:4:      layout_gridville, zin_angel
D:5:      layout_loops_ring, uniq_edmund
D:6:      layout_loops_ring, serial_shops, nicolae_shop_hallway_plus

Notes
Turn   | Place    | Note
-------+----------+-------------------------------------------
     0 | D:1      | spaghetti the Demonspawn Fire Elementalist began the quest
                  | for the Orb.
     0 | D:1      | Reached XP level 1. HP: 13/13 MP: 3/3
     0 | D:1      | magus.rc [v1.9.6]
   199 | D:1      | Found a faded altar of an unknown god.
   214 | D:1      | Prayed at the altar of an unknown god.
   214 | D:1      | Became a worshipper of Vehumet
   214 | D:1      | Reached * piety under Vehumet
   214 | D:1      | Offered knowledge of Magic Dart by Vehumet.
   635 | D:1      | Gained mutation: You have a small tail. [demonic ancestry]
   635 | D:1      | Reached XP level 2. HP: 13/19 MP: 1/5
   810 | D:1      | HP: 3/19 [frozen (3)]
  1211 | D:1      | You pick up a book of Touch and begin reading...
  1211 | D:1      | You add the spells Static Discharge, Sticky Flame and
                  | Dispel Undead to your library.
  1478 | D:1      | Reached skill level 2 in Dodging
  1765 | D:2      | Found Tounead's Magic Scroll Emporium.
  1784 | D:2      | HP: 5/20 [adder (1)]
  1786 | D:2      | Reached XP level 3. HP: 7/25 MP: 1/6
  2168 | D:2      | Noticed Robin
  2177 | D:2      | Killed Robin
  2178 | D:2      | Reached skill level 2 in Conjurations
  2263 | D:2      | Reached skill level 1 in Fighting
  2482 | D:2      | Gained mutation: You have a tail ending in a sharp stinger.
                  | [demonic ancestry]
  2482 | D:2      | Reached XP level 4. HP: 32/32 MP: 5/8
  2615 | D:2      | Reached skill level 1 in Armour
  3054 | D:2      | You pick up a book of Spatial Translocations and begin
                  | reading...
  3054 | D:2      | You add the spells Blink, Lesser Beckoning and Manifold
                  | Assault to your library.
  3060 | D:2      | Learned a level 4 spell: Sticky Flame
  3282 | D:2      | Noticed Terence
  3288 | D:2      | Killed Terence
  3988 | D:3      | Reached ** piety under Vehumet
  3993 | D:3      | Reached skill level 3 in Spellcasting
  3994 | D:3      | Offered knowledge of Poisonous Vapours by Vehumet.
  4219 | D:3      | Gained mutation: When seriously injured, your blood forms
                  | armour. (AC +6) [demonic ancestry]
  4219 | D:3      | Reached XP level 5. HP: 37/37 MP: 3/9
  4275 | D:3      | Found a sparkling altar of Nemelex Xobeh.
  4487 | D:3      | Found an ornate altar of the Wu Jian Council.
  4491 | D:3      | Found a shimmering altar of Xom.
  4491 | D:3      | Found a sacrificial altar of Ru.
  4491 | D:3      | Found a blossoming altar of Fedhas.
  4491 | D:3      | Found a bloodstained altar of Trog.
  4496 | D:3      | Found a radiant altar of Vehumet.
  4497 | D:3      | Found a hide-covered altar of Uskayaw.
  4665 | D:4      | Reached skill level 3 in Conjurations
  4921 | D:4      | Noticed an ogre
  4928 | D:4      | Killed an ogre
  4929 | D:4      | Reached skill level 2 in Fighting
  4929 | D:4      | Reached XP level 6. HP: 44/44 MP: 5/10
  4946 | D:4      | Reached skill level 2 in Armour
  4952 | D:4      | HP: 11/44 [orc/+0 hand axe (3)]
  5245 | D:4      | Learned a level 4 spell: Flame Wave
  5553 | D:4      | Reached skill level 3 in Dodging
  5998 | D:4      | Offered knowledge of Ignite Poison by Vehumet.
  6004 | D:4      | Learned a level 3 spell: Ignite Poison
  6047 | D:4      | Noticed an angel
  6237 | D:4      | Reached skill level 4 in Conjurations
  6423 | D:5      | Entered Level 5 of the Dungeon
  6450 | D:5      | Gained mutation: You regenerate a little health from kills.
                  | [demonic ancestry]
  6450 | D:5      | Reached XP level 7. HP: 20/51 MP: 1/12
  6454 | D:5      | Noticed Edmund
  6460 | D:5      | HP: 10/51 [Edmund/+1 flail of holy wrath (5)]
  6460 | D:5      | HP: 4/51 [Edmund/+1 flail of holy wrath (6)]
  6823 | D:5      | HP: 8/51 [Edmund/+1 flail of holy wrath (9)]
  7164 | D:6      | HP: 8/51 [Edmund/+1 flail of holy wrath (6)]
  7166 | D:6      | HP: 3/51 [Edmund/+1 flail of holy wrath (3)]
  7171 | D:6      | HP: 3/51 [adder (1)]
  7172 | D:6      | HP: 1/51 [poisoned by an adder]
  7173 | D:6      | Succumbed to an adder's poison

Vanquished Creatures
  An ogre (D:4)
  A scorpion (D:4)
  2 hounds
  2 orc priests
  Terence (D:2)
  An orc wizard (D:4)
  Robin (D:2)
  8 adders
  2 ufetubi
  2 worms
  12 orcs
  6 endoplasms
  A giant cockroach (D:2)
  13 goblins
  12 hobgoblins
  12 jackals
  4 quokkas
  8 ball pythons
  3 bats
  3 frilled lizards
  9 kobolds
  4 rats
108 creatures vanquished.

Vanquished Creatures (others)
  490 foxfires
490 creatures vanquished.

Grand Total: 598 creatures vanquished

Table legend:
 A = Non-vault XP
 B = Vault XP
 C = Vault XP percentage of total XP
 D = Non-vault monster count
 E = Vault monster count
 F = Vault count percentage of total count
                 A         B        C        D         E       F
            +---------+---------+-------+---------+---------+-------
      Total |     690 |      67 |   8.9 |      98 |      10 |   9.3
            +---------+---------+-------+---------+---------+-------
        D:1 |      32 |       0 |   0.0 |      21 |       0 |   0.0
        D:2 |      64 |      67 |  51.1 |      18 |      10 |  35.7
        D:3 |      92 |       0 |   0.0 |      15 |       0 |   0.0
        D:4 |     433 |       0 |   0.0 |      36 |       0 |   0.0
        D:5 |      69 |       0 |   0.0 |       8 |       0 |   0.0
            +---------+---------+-------+---------+---------+-------

Illustrated notes

Table legend:
 A = Kills in this place as a percentage of kills in entire the game.
 B = Kills by you in this place as a percentage of kills by you in the entire game.
 C = Kills by friends in this place as a percentage of kills by friends in the entire game.
 D = Other kills in this place as a percentage of other kills in the entire game.
 E = Experience gained in this place as a percentage of experience gained in the entire game.
 F = Experience gained in this place divided by the number of levels of this place that you have seen.
                   A       B       C       D       E      F
               +-------+-------+-------+-------+-------+----------------------
         Total | 100.0 | 100.0 |   N/A |   N/A | 100.0 | 126.2
       Dungeon | 100.0 | 100.0 |   N/A |   N/A | 100.0 | 126.2
               +-------+-------+-------+-------+-------+----------------------

Table legend: (Time is in decaauts)
 A = Elapsed time spent in this place.
 B = Non-inter-level travel time spent in this place.
 C = Inter-level travel time spent in this place.
 D = Time resting spent in this place.
 E = Time spent auto-exploring this place.
 F = Levels seen in this place.
 G = Mean time per level.
                   A        B        C        D        E       F      G
               +--------+--------+--------+--------+--------+-----+--------+
         Total |   7159 |   6951 |    208 |    743 |   5281 |   6 | 1193.2 |
       Dungeon |   7159 |   6951 |    208 |    743 |   5281 |   6 | 1193.2 |
               +--------+--------+--------+--------+--------+-----+--------+

Top non-repeatable levels by time:
     D:4: 2090 daAuts
     D:1: 1754 daAuts
     D:2: 1722 daAuts
     D:3: 1121 daAuts
     D:5: 453 daAuts
     D:6: 17 daAuts
